 Dungeon Crawl Stone Soup version 0.29.0-13-gc9e81de378 (webtiles) character file.

Game seed: 165312688949795760

2 Tricky101 the Caller (level 1, -2/7 HPs)
             Began as a Felid Summoner on Sept 8, 2022.
             Slain by a rat (3 damage)
             ... on level 1 of the Dungeon.
             The game lasted 00:00:53 (35 turns).

Tricky101 the Caller (Felid Summoner)                 Turns: 35, Time: 00:00:54

Health: -2/7       AC:  1    Str:  4    XL:     1   Next: 33%
Magic:  3/4        EV: 17    Int: 16    God:
Gold:   10         SH:  0    Dex: 16    Spells: 3/4 levels left
                                        Lives:  0   Deaths: 0

rFire   . . .      SeeInvis +   (weapon unavailable)
rCold   . . .      Faith    .   (shield unavailable)
rNeg    . . .      Spirit   .   (body armour unavailable)
rPois   .          Reflect  .   (helmet unavailable)
rElec   .          Harm     .   (cloak unavailable)
rCorr   .          Rampage  .   (gloves unavailable)
Will    .....                   (boots unavailable)
Stlth   ++........              (no amulet)
HPRegen 0.02/turn               (no ring)
MPRegen 0.09/turn               (no ring)

@: quick
A: very small, claws 1, fangs 3, see invisible, speed 1, shaggy fur 1, stealthy
paws, no weapons or thrown items, no armour, multi-lived
a: no special abilities


You were on level 1 of the Dungeon.
You visited 1 branch of the dungeon, and saw 1 of its levels.

You collected 10 gold pieces.

Inventory:

Potions
 a - a potion of magic
 b - a potion of might {unknown}


   Skills:
 - Level 2.6 Dodging
 - Level 2.6 Stealth
 + Level 2.1 Spellcasting
 + Level 4.0 Summonings


You had 3 spell levels left.
You knew the following spells:

 Your Spells              Type           Power      Damage    Failure   Level
a - Summon Small Mammal   Summ           56%        N/A       3%          1

Your spell library contained the following spells:

 Spells                   Type           Power      Damage    Failure   Level
 Call Imp                 Summ           14%        N/A       6%          2
 Call Canine Familiar     Summ           14%        N/A       12%         3
 Summon Guardian Golem    Hex/Summ       8%         N/A       26%         3
 Summon Lightning Spire   Summ/Air       8%         N/A       65%         4


Dungeon Overview and Level Annotations

Branches:
Dungeon (1/15)

Altars:


Innate Abilities, Weirdness & Mutations

You have sharp claws.
You have razor-sharp teeth.
You have supernaturally acute eyesight. (SInv)
You cover ground quickly. (Speed+)
You are covered in fur. (AC +1)
Your paws help you pounce on unaware monsters.
You are incapable of wielding weapons or throwing items.
You cannot wear armour.
You gain extra lives every three experience levels.


Message History

You now have 10 gold pieces.
A quokka comes into view.
Found a ring mail.
A quokka is nearby!
A quokka is nearby!
Casting: Summon Small Mammal (safe; 4% risk of failure)
Confirm with . or Enter, or press ? or * to list all spells.
Your bat closely misses the quokka.
Your bat hits the quokka but does no damage.
A goblin comes into view. It is wielding a +0 dagger.
The goblin shouts!
You scratch the quokka.
The quokka is severely wounded.
The quokka barely misses you.
You miss the quokka.
The quokka is severely wounded.
Your bat hits the quokka but does no damage.
The quokka closely misses you.
You scratch the quokka.
You kill the quokka!
Your bat misses the goblin.
Your bat completely misses the goblin. 2 rats come into view.
You miss the goblin. You bite the goblin.
The goblin is severely wounded.
Your bat misses the goblin. Your bat hits the goblin.
The goblin dies!
Things that are here:
a +0 dagger; a goblin corpse
Found a leather armour.
Your bat hits the rat. The rat barely misses your bat.
Your bat barely misses the rat.
Your bat barely misses the rat.
The rat bites you.
You closely miss the rat.
Your bat hits the rat but does no damage.
The rat bites you.
* * * LOW HITPOINT WARNING * * *
The rat barely misses your bat.
Casting: Summon Small Mammal (safe; 3% risk of failure)
Confirm with . or Enter, or press ? or * to list all spells.
Your bat misses the rat. The rat bites you.
You die...

# #....# # #....# #
#....# # .#+##....####
### #
............######8#####
.[..........##....>.....
......b.....#..###8#####
......r@.).......### #
....#.##.b..####.# # .
+.[.....r...... #
#.##.#####.# ### # # #.#
# # ..# # ##.# # ...


You could see 2 rats and 2 friendly bats.

Vanquished Creatures
  A quokka (D:1)
1 creature vanquished.

Vanquished Creatures (collateral kills)
  A goblin (D:1)
1 creature vanquished.

Grand Total: 2 creatures vanquished

Notes
Turn   | Place    | Note
-------+----------+-------------------------------------------
     0 | D:1      | Tricky101 the Felid Summoner began the quest for the Orb.
     0 | D:1      | Reached XP level 1. HP: 7/7 MP: 4/4
    35 | D:1      | Slain by a rat

Illustrated notes

Levels and vault maps discovered:
D:1:      lemuel_arrival_cross, layout_basic, basic_ecumenical_altar

Action                   || total
-------------------------++-------
Melee: Unarmed           ||     5
       Bite              ||     1
 Cast: Summon Small Mamm ||     2
Dodge: Dodged            ||     2
